 Dungeon Crawl Stone Soup version 0.27.1-1-g398f81649c (webtiles) character file.

Game seed: 14156893591759440040

7734 Elvor the Cruncher (level 11, 0/67 HPs)
             Began as a Gargoyle Delver on Sept 10, 2021.
             Was a Priest of Okawaru.
             Slain by a killer bee (7 damage)
             ... on level 10 of the Dungeon.
             The game lasted 01:12:30 (6512 turns).

Elvor the Cruncher (Gargoyle Delver)                Turns: 6512, Time: 01:12:30

Health: 0/67       AC: 15    Str: 22    XL:     11   Next: 19%
Magic:  11/11      EV: 13    Int:  9    God:    Okawaru [***...]
Gold:   598        SH:  0    Dex: 11    Spells: 10/10 levels left

rFire    + + +     SeeInvis .   s - +0 flail
rCold    . . .     Faith    .   (no shield)
rNeg     + . .     Spirit   .   l - +1 robe of Life {rElec Str+4 Int-3}
rPois    ∞         Reflect  .   (no helmet)
rElec    +         Harm     .   p - +0 cloak
rCorr    +         Rampage  .   a - +1 pair of gloves
Will     .....                  t - +0 pair of boots
Stlth    +++.......             b - amulet "Cuczaryu" {rPois rF+++ Regen+ rCorr Stlth-}
HPRegen  1.21/turn              (no ring)
MPRegen  0.12/turn              (no ring)

@: about to teleport
A: sickness immunity, AC +8, negative energy resistance 1, electricity
resistance, torment resistance 1, petrification resistance
a: Renounce Religion, Heroism


You were on level 10 of the Dungeon.
You worshipped Okawaru.
Okawaru was most pleased with you.
You visited 2 branches of the dungeon, and saw 11 of its levels.

You collected 598 gold pieces.

Inventory:

Hand Weapons
 o - a +4 scimitar of flaming
 r - the +8 quarterstaff of Ohymo {speed, Int+4}
   (You found it on level 4 of the Dungeon)

   Attacks with this weapon are significantly faster.
   Int:       It affects your intelligence (+4).
 s - a +0 flail (weapon)
Missiles
 h - 12 boomerangs
 k - 51 sling bullets
 n - 205 stones
 K - 34 poisoned darts (quivered)
 L - 2 curare-tipped darts
Armour
 a - a +1 pair of gloves (worn)
 l - the +1 robe of Life (worn) {rElec Str+4 Int-3}
   (You found it on level 4 of the Dungeon)

   Str:       It affects your strength (+4).
   Int:       It affects your intelligence (-3).
   rElec:     It insulates you from electricity.
 p - a +0 cloak (worn)
 t - a +0 pair of boots (worn)
 w - a +0 kite shield
 B - a +0 plate armour
 N - +0 steam dragon scales
Jewellery
 b - the amulet "Cuczaryu" (around neck) {rPois rF+++ Regen+ rCorr Stlth-}
   (You found it on level 4 of the Dungeon)

   [amulet of regeneration]

   rF:        It renders you almost immune to fire.
   rPois:     It protects you from poison.
   Regen:     It increases your rate of health regeneration.
   rCorr:     It protects you from acid and corrosion.
   Stlth:     It makes you less stealthy.
Wands
 g - a wand of digging (3)
 E - a wand of mindburst (5)
 O - a wand of iceblast (7)
Scrolls
 c - 5 scrolls of fog
 d - 2 scrolls of magic mapping
 e - 2 scrolls of fear
 i - a scroll of vulnerability {unknown}
 m - a scroll of enchant armour {unknown}
 q - a scroll of blinking {unknown}
 x - a scroll of enchant weapon {unknown}
 z - 3 scrolls of teleportation
 F - a scroll of summoning {unknown}
 H - a scroll of immolation {unknown}
 J - a scroll of amnesia {unknown}
 M - 2 scrolls of noise {unknown}
Potions
 f - 3 potions of haste
 j - 2 potions of invisibility
 u - 2 potions of curing
 v - 3 potions of lignification
 A - a potion of flight
 C - 3 potions of mutation
 D - a potion of might
 I - a potion of ambrosia {unknown}
 P - 2 potions of berserk rage {unknown}


   Skills:
 + Level 7.6 Fighting
 + Level 5.0(8.3) Maces & Flails
 + Level 10.3(10.8) Staves
 + Level 5.8 Throwing
 + Level 4.9 Dodging
 + Level 8.4 Stealth
 + Level 3.5 Evocations


You had 10 spell levels left.
You didn't know any spells.
Your spell library contained the following spells:

 Spells                   Type           Power      Damage    Failure   Level
 Beastly Appendage        Tmut           0%         N/A       38%         1
 Corona                   Hex            0%         N/A       38%         1
 Magic Dart               Conj           0%         1d3       38%         1
 Call Imp                 Summ           0%         N/A       52%         2
 Corpse Rot               Necr/Air       N/A        N/A       52%         2
 Ensorcelled Hibernation  Hex/Ice        0%         N/A       52%         2
 Poisonous Vapours        Pois/Air       0%         N/A       52%         2
 Wereblood                Tmut           0%         N/A       52%         2
 Gell's Gravitas          Tloc           0%         N/A       77%         3
 Lesser Beckoning         Tloc           0%         N/A       77%         3
 Mephitic Cloud           Conj/Pois/Air  0%         N/A       77%         3
 Spider Form              Tmut/Pois      0%         N/A       77%         3
 Teleport Other           Tloc           0%         N/A       77%         3
 Tukima's Dance           Hex            0%         N/A       77%         3
 Dispel Undead            Necr           0%         3d6       99%         4
 Freezing Cloud           Conj/Ice/Air   0%         6-21      100%        5
 Death Channel            Necr           0%         N/A       100%        6


Dungeon Overview and Level Annotations

Branches:
Dungeon (10/15)            Temple (1/1) D:5            Lair (0/6) D:9
    Orc: D:9-12

Altars:
Ashenzari
Cheibriados
Elyvilon
Fedhas
Gozag
Hepliaklqana
Kikubaaqudgha
Makhleb
Okawaru
Qazlal
Ru
Sif Muna
Trog
Uskayaw
Vehumet
Wu Jian
Xom
Yredelemnul
The Shining One

Shops:
D:6 :


Innate Abilities, Weirdness & Mutations

You are immune to sickness and miasma.
Your stone body is resilient. (AC +8)
You are immune to poison.
You resist negative energy. (rN+)
You are resistant to electric shocks. (rElec)
You are resistant to unholy torment.
You are immune to petrification.


Message History

The killer bee stings you but does no damage.
You hit the orc warrior.
The orc warrior is almost dead.
The killer bee stings you but does no damage.
The killer bee closely misses you. x3; The orc closely misses you.
The orc warrior hits you but does no damage.
The killer bee stings you. The killer bee closely misses you.
You barely miss the orc warrior.
The orc warrior is almost dead.
The killer bee stings you but does no damage.
The killer bee barely misses you. The killer bee closely misses you.
The killer bee stings you. The orc barely misses you.
The orc warrior hits you but does no damage.
You hit the orc warrior but do no damage.
The orc warrior is almost dead.
The killer bee stings you but does no damage.
The killer bee misses you. x2; The killer bee stings you.
* * * LOW HITPOINT WARNING * * *
The killer bee misses you. The killer bee stings you.
* * * LOW HITPOINT WARNING * * *
The orc warrior hits you but does no damage.
The orc closely misses you.
As you read the scroll of teleportation, it crumbles to dust.
You feel strangely unstable. The killer bee stings you.
* * * LOW HITPOINT WARNING * * *
The killer bee stings you but does no damage.
The killer bee stings you.
* * * LOW HITPOINT WARNING * * *
The killer bee misses you. The killer bee stings you.
* * * LOW HITPOINT WARNING * * *
The killer bee stings you but does no damage.
The orc hits you but does no damage.
The orc warrior hits you but does no damage.
You barely miss the orc warrior.
The orc warrior is almost dead.
The killer bee misses you. The killer bee stings you.
* * * LOW HITPOINT WARNING * * *
The killer bee closely misses you. The killer bee misses you.
The killer bee stings you!
You die...

########+###
#..y@o......
#..yoy).....
#...y..))>..
#............
#............
..............
..##...........
.. #...........


You could see an orc warrior, 4 killer bees and an orc.

Vanquished Creatures
  Erica (D:7)
  A two-headed ogre (D:9)
  The ghost of brob1 the Nimble, a novice DjFE of Qazlal (D:9)
  Maurice (D:8)
  An elephant (D:9)
  A komodo dragon (D:10)
  2 slime creatures (D:7)
  3 yaks (D:8)
  A wyvern (D:9)
  A basilisk (D:9)
  2 steam dragons (D:7)
  A water moccasin (D:8)
  5 orc warriors
  An ice beast (D:5)
  5 black bears
  A sky beast (D:8)
  A necrophage (D:5)
  A centaur (D:6)
  A phantom (D:5)
  5 bullfrogs
  3 kobold brigands (D:7)
  A gnoll sergeant (D:8)
  A wyvern zombie (D:6)
  3 killer bees (D:10)
  4 electric eels (D:6)
  4 howler monkeys
  2 centaur zombies
  5 jellies (D:7)
  5 orc priests
  4 iguanas
  Terence (D:2)
  2 scorpion zombies
  8 orc wizards
  A killer bee zombie (D:6)
  A howler monkey zombie (D:9)
  9 gnolls
  5 adders
  A shadow imp (D:7)
  A white imp (D:6)
  An ufetubus (D:5)
  4 adder skeletons
  2 adder zombies
  2 worms
  2 dart slugs
  30 orcs
  3 ball pythons
  4 bats
  6 endoplasms
  3 giant cockroaches
  7 goblins
  6 hobgoblins
  2 jackals (D:3)
  15 kobolds
  5 quokkas
  A ball python zombie (D:3)
  3 frilled lizards
  A quokka skeleton (D:2)
  A quokka zombie (D:3)
  3 rats
198 creatures vanquished.

Vanquished Creatures (others)
  6 fungi (D:7)
  A plant (D:9)
  7 toadstools (D:7)
  3 withered plants (D:3)
17 creatures vanquished.

Grand Total: 215 creatures vanquished

Notes
Turn   | Place    | Note
-------+----------+-------------------------------------------
     0 | D:5      | Elvor the Gargoyle Delver began the quest for the Orb.
     0 | D:5      | Reached XP level 1. HP: 14/14 MP: 1/1
    35 | D:5      | Noticed a necrophage
    78 | D:5      | Noticed a black bear
   100 | D:4      | Identified the +1 robe of Life {rElec Str+4 Int-3}
   153 | D:4      | Identified the amulet "Cuczaryu" {rPois rF+++ Regen+ rCorr
                  | Stlth-}
   188 | D:4      | Noticed an iguana
   210 | D:3      | Found a faded altar of an unknown god.
   282 | D:3      | Reached XP level 2. HP: 18/19 MP: 2/2
   353 | D:3      | Reached XP level 3. HP: 23/23 MP: 3/3
   507 | D:3      | Reached XP level 4. HP: 23/29 MP: 4/4
   914 | D:4      | Reached XP level 5. HP: 22/33 MP: 5/5
   926 | D:4      | Identified the +8 quarterstaff of Ohymo {speed, Int+4}
  1892 | D:1      | Reached skill level 1 in Staves
  1943 | D:1      | You fall into a shaft and drop 1 floor!
  2371 | D:2      | Reached XP level 6. HP: 35/38 MP: 6/6
  2413 | D:2      | Noticed Terence
  2421 | D:2      | Killed Terence
  2698 | D:5      | Killed a black bear
  2699 | D:5      | Reached skill level 2 in Staves
  2708 | D:5      | Found a hide-covered altar of Uskayaw.
  2709 | D:5      | Found a hazy altar of Hepliaklqana.
  2830 | D:5      | Noticed an orc warrior
  2845 | D:5      | Killed an orc warrior
  2846 | D:5      | Reached skill level 3 in Staves
  2846 | D:5      | Reached XP level 7. HP: 43/44 MP: 7/7
  2859 | D:5      | Reached skill level 1 in Throwing
  2939 | D:5      | Reached skill level 4 in Staves
  3248 | D:5      | Found a staircase to the Ecumenical Temple.
  3258 | D:5      | Reached skill level 5 in Staves
  3258 | D:5      | Reached XP level 8. HP: 42/48 MP: 8/8
  3267 | Temple   | Entered the Ecumenical Temple
  3558 | D:6      | Reached skill level 5 in Fighting
  3581 | D:6      | Found Gidderghi's Book Shop.
  3670 | D:6      | Reached skill level 6 in Staves
  3982 | D:6      | Found a stormy altar of Qazlal.
  4227 | D:7      | Reached skill level 7 in Staves
  4227 | D:7      | Reached XP level 9. HP: 55/55 MP: 9/9
  4448 | D:7      | Reached skill level 8 in Staves
  4547 | D:7      | Found an iron altar of Okawaru.
  4553 | D:7      | Became a worshipper of Warmaster Okawaru
  4750 | D:7      | Found a glowing golden altar of the Shining One.
  4853 | D:8      | Noticed Maurice
  4965 | D:8      | Killed Maurice
  4966 | D:8      | Reached skill level 9 in Staves
  4987 | D:8      | Noticed Erica
  5030 | D:7      | Killed Erica
  5030 | D:7      | Reached * piety under Okawaru
  5031 | D:7      | Reached XP level 10. HP: 47/61 MP: 10/10
  5377 | D:8      | Found an ornate altar of the Wu Jian Council.
  5517 | D:8      | Reached skill level 5 in Throwing
  5525 | D:8      | Reached ** piety under Okawaru
  5640 | D:8      | Reached skill level 10 in Staves
  5772 | D:9      | Noticed brob1's ghost (novice DjFE)
  5782 | D:9      | Found a runed translucent door.
  5965 | D:9      | Reached skill level 1 in Evocations
  6019 | D:9      | Found a staircase to the Lair.
  6019 | D:9      | Noticed an elephant
  6028 | D:9      | Killed an elephant
  6112 | D:9      | Noticed a two-headed ogre
  6124 | D:9      | Killed a two-headed ogre
  6124 | D:9      | Reached *** piety under Okawaru
  6125 | D:9      | Reached XP level 11. HP: 67/67 MP: 11/11
  6223 | D:9      | Noticed a deep elf pyromancer
  6224 | D:9      | Noticed a centaur warrior
  6224 | D:9      | Noticed a cyclops
  6225 | D:9      | Noticed a white ugly thing
  6366 | D:9      | Noticed a red ugly thing
  6367 | D:9      | Noticed an azure jelly
  6393 | D:9      | Noticed a fenstrider witch
  6416 | D:9      | Killed brob1's ghost
  6446 | D:10     | Entered Level 10 of the Dungeon
  6470 | D:10     | Reached skill level 5 in Maces & Flails
  6512 | D:10     | Slain by a killer bee

Illustrated notes

Levels and vault maps discovered:
D:1:      tarquinn_simple_flora_water_e, layout_rooms
D:2:      layout_basic, minmay_diced_spiral, uniq_terence
D:3:      layout_basic, shapermc_ecumenical_altar_flowoftime, serial_undead,
          serial_undead_d, serial_undead_c, serial_undead_e, serial_undead_e,
          serial_undead_f
D:4:      layout_cave_pods
D:5:      layout_loops_ring, fedhas_bush_and_centaur_altar,
          chequers_temple_overflow_statue_of_worship, minmay_temple_entry_grid
D:6:      layout_basic, nicolae_qazlal_eye_of_the_storm, minivault_11,
          nicolae_wooded_promenade, water_maze_lemuel
D:7:      cheibrodos_fertilizer, layout_rooms, nicolae_tso_carved_into_rock,
          mainiacjoe_overflow_tiny_flanked, minmay_misc_feat_four_crosses,
          kennysheep_generic_room_15
D:8:      layout_cave_pools, nzn_wu_jian_council_hall, uniq_maurice, uniq_erica
D:9:      layout_roguey, david_lair_generic, hellmonk_ghost_happy_afterlife,
          minivault_12
D:10:     layout_roguey, nicolae_overflow_hidden_temple,
          mainiacjoe_overflow_cross_hatched, david_orc_2,
          nicolae_lava_and_water, dilly_guarded_unrand_elemental_staff,
          uniq_fannar
Temple:   nicolae_temple_x_marks_the_god

Skill      XL: |  1  2  3  4  5  6  7  8  9 10 11 |
---------------+----------------------------------+-----
Stealth        | 6 7 8 |  8.4
Maces & Flails | 3 4 5 |  5.0
Dodging        | 2 3 4 |  4.9
Fighting       | 4 5 6 7 |  7.6
Staves         | 1 3 5 7 9 10 | 10.3
Throwing       | 1 2 4 5 |  5.8
Evocations     | 3 |  3.5

Action                   |  1- 3 |  4- 6 |  7- 9 | 10-12 || total
-------------------------+-------+-------+-------+-------++-------
Melee: Mace              |   109 |    39 |       |       ||   148
       Quarterstaff      |       |    89 |   218 |    80 ||   387
       Flail             |       |       |       |    63 ||    63
Throw: Boomerang         |     4 |    17 |    29 |    15 ||    65
       Dart              |       |       |    21 |    41 ||    62
Invok: Heroism           |       |       |       |     3 ||     3
Evoke: Wand              |       |       |       |    43 ||    43
  Use: Scroll            |       |       |     9 |     2 ||    11
       Potion            |       |       |     2 |     1 ||     3
 Stab: Sleeping          |     1 |     8 |     5 |     1 ||    15
       Distracted        |     1 |       |       |       ||     1
Armor: Robe              |    25 |    24 |    60 |    47 ||   156
Dodge: Dodged            |    63 |    63 |    82 |    85 ||   293
